 Dungeon Crawl Stone Soup version 0.20.1-1-g8b1a95d66d (webtiles) character file.

88 Jynx the Insei (level 4, -2/36 HPs)
             Began as a Draconian Transmuter on Dec 28, 2017.
             Slain by dengdeng's ghost (10 damage)
             ... on level 3 of the Dungeon on Dec 29, 2017.
             The game lasted 00:05:26 (2044 turns).

Jynx the Insei (Draconian Transmuter)               Turns: 2044, Time: 00:05:27

Health: -2/36      AC:  5    Str: 11 (12) XL:     4   Next: 30%
Magic:  0/7        EV: 12    Int: 11 (13) God:
Gold:   79         SH:  0    Dex: 11 (13) Spells: 2/8 levels left

rFire    . . .     SeeInvis .     - Unarmed
rCold    . . .     Gourm    .   (no shield)
rNeg     . . .     Faith    .   (armour unavailable)
rPois    .         Spirit   .   (helmet restricted)
rElec    .         Reflect  .   (no cloak)
rCorr    .         Harm     .   (no gloves)
MR       .....                  (no boots)
Stlth    +.........             (no amulet)
Regen    0.2/turn               (no ring)
MPRegen  0.1/turn               (no ring)

@: no status effects
A: unfitting armour, cold-blooded, AC +5
a: no special abilities


You were on level 3 of the Dungeon.
You were hungry.

You visited 1 branch of the dungeon, and saw 3 of its levels.

You collected 79 gold pieces.

Inventory:

Missiles
 a - 4 arrows
Scrolls
 d - a scroll of blinking
 f - 2 scrolls of teleportation {unknown}
 g - 5 scrolls of identify {unknown}
 k - a scroll of remove curse {unknown}
 l - a scroll of recharging {unknown}
 m - 3 scrolls of fear {unknown}
Books
 b - a book of Changes

   Spells                             Type                      Level
   a - Beastly Appendage              Transmutation                1
   b - Sticks to Snakes               Transmutation                2
   c - Spider Form                    Transmutation/Poison         3
   d - Ice Form                       Ice/Transmutation            4
   e - Blade Hands                    Transmutation                5
Comestibles
 c - 2 bread rations
 i - 5 chunks of flesh


   Skills:
 + Level 2.2 Fighting
 - Level 2.0 Dodging
 + Level 3.6 Unarmed Combat
 + Level 2.6 Spellcasting
 * Level 2.9 Transmutations
 + Level 0.0 Poison Magic


You had 2 spell levels left.
You knew the following spells:

 Your Spells              Type           Power        Failure   Level  Hunger
a - Beastly Appendage     Tmut           #.....       9%          1    ##.....
b - Sticks to Snakes      Tmut           #.......     12%         2    ###....
c - Spider Form           Tmut/Pois      #.........   41%         3    ####...


Dungeon Overview and Level Annotations

Branches:
Dungeon (3/15)

Altars:
Trog

Annotations:
D:3 dengdeng's ghost, amateur HuBe


Innate Abilities, Weirdness & Mutations

Your plain brown scales are hard. (AC +5)
You cannot fit into any form of body armour.
You are cold-blooded and may be slowed by cold attacks.


Message History

Your adder dies!
Dengdeng's ghost turns its malevolent gaze towards you.
You hit dengdeng's ghost.
You tail-slap dengdeng's ghost, but do no damage.
Dengdeng's ghost is severely damaged.
Your ball python withers and dies!
Dengdeng's ghost barely misses you.
Casting: Sticks to Snakes
Confirm with . or Enter, or press ? or * to list all spells.
You create a snake!
You now have 5 arrows.
Dengdeng's ghost hits you!
* * * LOW HITPOINT WARNING * * *
Casting: Sticks to Snakes
Confirm with . or Enter, or press ? or * to list all spells.
You don't have enough magic to cast that spell.
Your ball python bites dengdeng's ghost but does no damage.
Your ball python bites dengdeng's ghost but does no damage.
Casting: Sticks to Snakes
Confirm with . or Enter, or press ? or * to list all spells.
You create a snake!
You now have 4 arrows.
Dengdeng's ghost hits you!
You die...

###.#########.#.....# #...#..
....# #.............# ###.#..
##..###.#####>##....# #.#..
#......# #..'....# #.#.. #.######
####...<# #.##. #.# #....# #.##.
#.# #....# #.#..
##.##########################.#.#
................@WS..............
..................S....(.........
#######################..####...#
#≈§≈≈§.≈≈≈≈≈### #≈####'####≈#
##§§≈.≈§§### #⌠§§....§⌠#
##≈.._..≈## #⌠≈.....≈⌠#


You could see dengdeng's ghost and 2 friendly ball pythons.

Vanquished Creatures
  3 adders
  A worm (D:3)
  2 leopard geckos (D:3)
  5 bats
  6 goblins
  7 hobgoblins
  4 jackals (D:2)
  A ball python (D:3)
  4 frilled lizards
  3 kobolds
  5 rats
41 creatures vanquished.

Vanquished Creatures (collateral kills)
  2 adders (D:3)
  A goblin (D:3)
3 creatures vanquished.

Vanquished Creatures (others)
  A hobgoblin (D:3)
  A quokka (D:3)
2 creatures vanquished.

Grand Total: 46 creatures vanquished

Notes
Turn   | Place    | Note
-------+----------+-------------------------------------------
     0 | D:1      | Jynx the Draconian Transmuter began the quest for the Orb.
     0 | D:1      | Reached XP level 1. HP: 16/16 MP: 3/3
   444 | D:1      | Reached XP level 2. HP: 17/23 MP: 3/5
   448 | D:1      | Learned a level 2 spell: Sticks to Snakes
  1071 | D:2      | Reached XP level 3. HP: 18/28 MP: 6/6
  1788 | D:3      | Found a bloodstained altar of Trog.
  1799 | D:3      | Learned a level 3 spell: Spider Form
  1820 | D:3      | Reached XP level 4. HP: 35/36 MP: 5/7
  1992 | D:3      | Noticed dengdeng's ghost (amateur HuBe)
  2044 | D:3      | Slain by dengdeng's ghost

Skill      XL: |  1  2  3  4 |
---------------+-------------+-----
Dodging        | 2 |  2.0
Fighting       | 2 |  2.2
Unarmed Combat | |  3.6
Spellcasting   | |  2.6
Transmutations | |  2.9

Action                   |  1- 3 |  4- 6 || total
-------------------------+-------+-------++-------
Melee: Unarmed           |   132 |    25 ||   157
       Headbutt          |    11 |       ||    11
       Kick              |     6 |     3 ||     9
       Punch             |     2 |       ||     2
       Tailslap          |    13 |     4 ||    17
 Cast: Beastly Appendage |    29 |     3 ||    32
       Sticks to Snakes  |     1 |     7 ||     8
  Use: Scroll            |     2 |       ||     2
       Potion            |     1 |     3 ||     4
 Stab: Distracted        |     1 |       ||     1
  Eat: Chunk             |     4 |       ||     4
Armor: Skin              |    44 |     6 ||    50
Dodge: Dodged            |   121 |    13 ||   134
